 Dungeon Crawl Stone Soup version 0.30.0-29-ga12c61a403 (webtiles) character file.

Game seed: 4147219202044515528

588 qw the Chopper (level 7, -4/43 HPs)
             Began as a Gargoyle Fighter on June 4, 2023.
             Slain by a gnoll
             ... wielding a +0 mace
             ... led by a gnoll bouda
              (6 damage)
             ... on level 4 of the Dungeon.
             The game lasted 00:01:43 (2882 turns).

qw the Chopper (Gargoyle Fighter)                   Turns: 2882, Time: 00:01:44

Health: -4/43      AC: 18    Str: 21    XL:     7   Next: 38%
Magic:  7/7        EV:  6    Int:  9    God:
Gold:   189        SH:  4    Dex:  9    Spells: 6/6 levels left

rFire   . . .        Y - +0 war axe
rCold   . . .        c - +0 buckler
rNeg    + . .        i - +0 plate armour
rPois   inf          e - +0 helmet
rElec   +            (no cloak)
rCorr   +            (no gloves)
SInv    .            (no boots)
Will    .....        (no amulet) Stlth
                     g - ring of resist corrosion
HPRegen 0.27/turn    (no ring)
MPRegen 0.10/turn

%: no passive effects
@: about to teleport, weakened
A: sickness immunity, AC +4, negative energy resistance 1, electricity
resistance, torment resistance 1, petrification resistance
a: no special abilities


You were on level 4 of the Dungeon.
You visited 1 branch of the dungeon, and saw 4 of its levels.

You collected 189 gold pieces.


Innate Abilities, Weirdness & Mutations

You are immune to sickness and miasma.
Your stone body is resilient. (AC +4)
You are immune to poison.
You resist negative energy. (rN+)
You are resistant to electric shocks. (rElec)
You are resistant to unholy torment.
You are immune to petrification.


   Skills:
 - Level 4.0 Fighting
 + Level 6.4 Axes
 - Level 4.5 Armour
 - Level 3.2 Shields


You had 6 spell levels left.
You didn't know any spells.
Your spell library was empty.

Inventory:

Hand Weapons
 b - a +0 flail
 Y - a +0 war axe (weapon)
Missiles
 o - 5 boomerangs (quivered)
Armour
 c - a +0 buckler (worn)
 e - a +0 helmet (worn)
 i - a +0 plate armour (worn)
Jewellery
 g - a ring of resist corrosion (left hand)
 p - a ring of protection from cold
Scrolls
 h - 3 scrolls of identify
Potions
 d - a potion of might
 f - a potion of lignification
 j - 2 potions of haste
 l - a potion of mutation
 m - a potion of curing {unknown}
 n - a potion of berserk rage {unknown}

Dungeon Overview and Level Annotations

Branches:
Dungeon (4/15)
 Temple: D:4-7

Altars:
Gozag


Message History

The gnoll barely misses you. The gnoll hits you but does no damage.
The adder bites you but does no damage. The jackal closely misses you.
You barely miss the gnoll.
The gnoll is severely wounded.
You slash the jackal!
You kill the jackal!
You completely miss the adder. You hit the gnoll.
You completely miss the jackal. You hit the gnoll.
You block the gnoll's attack.
The gnoll bouda hits you from afar with a +0 trident.
The adder bites you but does no damage. You block the gnoll's attack.
The gnoll hits you but does no damage. The jackal bites you.
The jackal bites you but does no damage.
You hit the gnoll.
The gnoll is almost dead.
You barely miss the gnoll. You hit the jackal. You hit the adder.
You hit the gnoll. You closely miss the jackal.
The gnoll is no longer moving quickly. x2
The adder bites you but does no damage.
The jackal bites you but does no damage.
The gnoll hits you but does no damage.
The gnoll bouda calls upon its god to heal the gnoll.
The gnoll is healed somewhat.
The jackal bites you but does no damage.
The gnoll barely misses you. x2; The adder bites you but does no damage.
The jackal barely misses you.
The gnoll bouda barks out a call to the hunt!
The gnolls pick up the pace!
The gnoll hits you but does no damage.
The jackal bites you but does no damage.
You barely miss the adder.
The adder is heavily wounded.
You hit the gnoll. You slash the jackal!
You kill the jackal!
You closely miss the gnoll. You barely miss the jackal. You hit the gnoll.
The gnoll barely misses you. The gnoll hits you but does no damage.
The adder bites you but does no damage. You block the jackal's attack.
The gnoll hits you but does no damage. The gnoll bouda completely misses you.
The gnoll hits you with a +0 mace.
You die...

......................#
.#....#....+#.........#
...........+##........#
#.....)....#######'####
#..........##.......#
#..........##.......#
##.........##.......#
#......... #..g%%..#
...#..... #...@S..#
#..ghg..# #...Jg..#
#.......# ##.......#
........# .........+
..........#


You could see a gnoll bouda, 3 gnolls, an adder, an endoplasm and a jackal.

Vanquished Creatures
  Grinder (D:4)
  A black bear (D:4)
  A hound (D:4)
  Terence (D:3)
  2 scorpion zombies (D:3)
  5 gnolls
  A howler monkey skeleton (D:3)
  2 adders (D:2)
  2 ufetubi (D:4)
  An adder skeleton (D:3)
  2 worms
  2 dart slugs
  5 orcs (D:4)
  8 ball pythons
  2 bats
  11 endoplasms
  3 giant cockroaches
  9 goblins
  4 hobgoblins
  16 jackals
  5 kobolds
  5 quokkas
  A ball python zombie (D:3)
  7 frilled lizards
  8 rats
105 creatures vanquished.

Notes
Turn   | Place    | Note
-------+----------+-------------------------------------------
     0 | D:1      | qw the Gargoyle Fighter began the quest for the Orb.
     0 | D:1      | Reached XP level 1. HP: 14/14 MP: 1/1
     0 | D:1      | 0 ||| qw: Version: 0.2-a-106-g05974ce
     0 | D:1      | 0 ||| qw: Game counter: 1163
     0 | D:1      | 0 ||| qw: Always use a shield: true
     0 | D:1      | 0 ||| qw: God list: Okawaru
     0 | D:1      | 0 ||| qw: Allow faded altars: false
     0 | D:1      | 0 ||| qw: Do Orc after D:15 true
     0 | D:1      | 0 ||| qw: Do second Lair branch before Depths: true
     0 | D:1      | 0 ||| qw: Lair rune preference: random
     0 | D:1      | 0 ||| qw: Plans: Normal, Zot:1-4, Slime:5, God:TSO, Crypt,
                  | Tomb, Abyss, Pan, Hells, Win
     0 | D:1      | 0 ||| PLANNING D:1-11
    17 | D:1      | 17 ||| Stepping ~*~*~tactically~*~*~ (hiding).
    49 | D:1      | Reached skill level 2 in Axes
   105 | D:1      | Reached XP level 2. HP: 19/19 MP: 2/2
   298 | D:1      | 298 ||| Stepping ~*~*~tactically~*~*~ (hiding).
   392 | D:1      | Reached skill level 3 in Axes
   638 | D:1      | Reached XP level 3. HP: 23/23 MP: 3/3
   665 | D:1      | 665 ||| UPGRADING to +0 helmet.
   670 | D:1      | 670 ||| UPGRADING to +0 plate armour.
   680 | D:1      | 680 ||| DROPPING +0 scale mail.
   681 | D:1      | 681 ||| UPGRADING to ring of resist corrosion.
   682 | D:1      | 682 ||| READING scroll labelled VUQAEMOUDGH.
   883 | D:2      | Reached XP level 4. HP: 26/28 MP: 4/4
  1100 | D:2      | 1100 ||| Stepping ~*~*~tactically~*~*~ (stealth).
  1108 | D:2      | Reached skill level 4 in Axes
  1231 | D:2      | 1231 ||| Stepping ~*~*~tactically~*~*~ (stealth).
  1606 | D:2      | 1606 ||| READING 3 scrolls labelled NUTHOZ TAOKH.
  1611 | D:2      | 1611 ||| READING 4 scrolls labelled DAUNEY CIEPE.
  1612 | D:2      | 1612 ||| DRINKING 2 red potions.
  1613 | D:2      | 1613 ||| READING 3 scrolls of identify.
  1613 | D:2      | 1613 ||| IDENTIFYING fuming brown potion
  1614 | D:2      | 1614 ||| READING 2 scrolls of identify.
  1614 | D:2      | 1614 ||| IDENTIFYING white potion
  1656 | D:3      | 1656 ||| Stepping ~*~*~tactically~*~*~ (hiding).
  1657 | D:3      | 1657 ||| Stepping ~*~*~tactically~*~*~ (hiding).
  1661 | D:3      | 1661 ||| Stepping ~*~*~tactically~*~*~ (hiding).
  1784 | D:3      | Reached XP level 5. HP: 32/32 MP: 5/5
  1836 | D:3      | Noticed Terence
  1837 | D:3      | 1837 ||| Stepping ~*~*~tactically~*~*~ (hiding).
  1838 | D:3      | 1838 ||| Stepping ~*~*~tactically~*~*~ (hiding).
  1840 | D:3      | 1840 ||| Stepping ~*~*~tactically~*~*~ (hiding).
  1847 | D:3      | Killed Terence
  1849 | D:3      | 1849 ||| Stepping ~*~*~tactically~*~*~ (stealth).
  1852 | D:3      | 1852 ||| Stepping ~*~*~tactically~*~*~ (stealth).
  1853 | D:3      | 1853 ||| Stepping ~*~*~tactically~*~*~ (stealth).
  1855 | D:3      | 1855 ||| Stepping ~*~*~tactically~*~*~ (stealth).
  1856 | D:3      | 1856 ||| Stepping ~*~*~tactically~*~*~ (stealth).
  1885 | D:3      | 1885 ||| Stepping ~*~*~tactically~*~*~ (stealth).
  1925 | D:3      | Reached skill level 5 in Axes
  2081 | D:3      | HP: 5/33 [gnoll/+0 club (5)]
  2081 | D:3      | HP: 2/33 [gnoll/+0 halberd (3)]
  2082 | D:3      | 2082 ||| READING 2 scrolls of teleportation.
  2083 | D:3      | 2083 ||| DRINKING potion of heal wounds.
  2185 | D:3      | Found a faded altar of an unknown god.
  2275 | D:3      | 2275 ||| READING scroll labelled FEPPUITADU.
  2276 | D:3      | 2276 ||| READING scroll labelled MIABOFEOTS.
  2277 | D:3      | 2277 ||| READING 2 scrolls of identify.
  2277 | D:3      | 2277 ||| IDENTIFYING fizzy black potion
  2296 | D:4      | Reached XP level 6. HP: 37/38 MP: 6/6
  2372 | D:4      | 2372 ||| Stepping ~*~*~tactically~*~*~ (stealth).
  2375 | D:4      | 2375 ||| Stepping ~*~*~tactically~*~*~ (stealth).
  2612 | D:4      | Noticed Grinder
  2628 | D:4      | Paralysed by Grinder for 4 turns
  2636 | D:4      | Paralysed by Grinder for 5 turns
  2643 | D:4      | Killed Grinder
  2644 | D:4      | Reached skill level 6 in Axes
  2644 | D:4      | Reached XP level 7. HP: 35/43 MP: 7/7
  2706 | D:4      | 2706 ||| Stepping ~*~*~tactically~*~*~ (hiding).
  2708 | D:4      | 2708 ||| Stepping ~*~*~tactically~*~*~ (hiding).
  2709 | D:4      | 2709 ||| Stepping ~*~*~tactically~*~*~ (hiding).
  2718 | D:4      | 2718 ||| FLEEEEING.
  2719 | D:4      | 2719 ||| FLEEEEING.
  2720 | D:4      | 2720 ||| FLEEEEING.
  2721 | D:4      | 2721 ||| FLEEEEING.
  2722 | D:4      | 2722 ||| FLEEEEING.
  2728 | D:4      | 2728 ||| Stepping ~*~*~tactically~*~*~ (hiding).
  2788 | D:4      | 2788 ||| DROPPING +0 whip.
  2832 | D:4      | 2832 ||| DROPPING +3 whip.
  2841 | D:4      | Found an opulent altar of Gozag.
  2870 | D:4      | 2870 ||| FLEEEEING.
  2878 | D:4      | HP: 9/43 [gnoll bouda/+0 trident (5)]
  2879 | D:4      | 2879 ||| READING scroll of teleportation.
  2880 | D:4      | HP: 4/43 [gnoll bouda/+0 trident (3)]
  2882 | D:4      | Slain by a gnoll

Levels and vault maps discovered:
D:1:      dpeg_arrival_arbitrary_c, layout_basic, st_stairs_11
D:2:      layout_loops_ring, minmay_randomly_rotated_circles
D:3:      layout_rooms, shapermc_ecumenical_altar_venn, serial_undead,
          serial_undead_d, serial_undead_f, serial_undead_e, serial_undead_a,
          uniq_terence
D:4:      kb_forest_paths, layout_basic, kennysheep_mini, uniq_grinder

Skill      XL: |  1  2  3  4  5  6  7 |
---------------+----------------------+-----
Axes           | 2 3 4 5 6 |  6.4
Fighting       | 4 |  4.0
Armour         | 4 |  4.5
Shields        | |  3.2

Action                     |  1- 3 |  4- 6 |  7- 9 || total
---------------------------+-------+-------+-------++-------
  Melee: War axe           |   107 |   153 |    32 ||   292
  Throw: Boomerang         |       |    18 |    11 ||    29
    Use: Scroll            |     1 |     8 |     1 ||    10
         Potion            |       |     2 |       ||     2
 Armour: Scale mail        |    20 |       |       ||    20
         Plate armour      |    63 |   117 |    68 ||   248
  Dodge: Dodged            |    60 |    35 |    22 ||   117
  Block: Buckler           |    30 |    18 |    13 ||    61

Table legend:
 A = Non-vault XP
 B = Vault XP
 C = Vault XP percentage of total XP
 D = Non-vault monster count
 E = Vault monster count
 F = Vault count percentage of total count
                 A         B        C        D         E       F
            +---------+---------+-------+---------+---------+-------
      Total |     410 |     433 |  51.4 |      83 |      22 |  21.0
            +---------+---------+-------+---------+---------+-------
        D:1 |      29 |       5 |  14.7 |      16 |       3 |  15.8
        D:2 |      75 |       9 |  10.7 |      29 |       6 |  17.1
        D:3 |      70 |     128 |  64.6 |      19 |       6 |  24.0
        D:4 |     236 |     291 |  55.2 |      19 |       7 |  26.9
            +---------+---------+-------+---------+---------+-------
